 Dungeon Crawl Stone Soup version 0.26.1-2-gb8aa6d0cf2 (webtiles) character file.

Game seed: 3292066194368404986

49 Descartes the Magician (level 3, 0/19 HPs)
             Began as a Deep Elf Wanderer on Mar 12, 2021.
             Slain by an adder (2 damage)
             ... on level 2 of the Dungeon.
             The game lasted 00:04:38 (2860 turns).

Descartes the Magician (Deep Elf Wanderer)          Turns: 2860, Time: 00:04:39

Health: 0/19       AC:  2    Str:  6    XL:     3   Next: 53%
Magic:  1/10       EV: 11    Int: 19    God:
Gold:   68         SH:  0    Dex: 15    Spells: 9/10 levels left

rFire    . . .     SeeInvis .   a - +2 dagger
rCold    . . .     Faith    .   (no shield)
rNeg     . . .     Spirit   .   e - +0 robe
rPois    .         Reflect  .   (no helmet)
rElec    .         Harm     .   (no cloak)
rCorr    .         Rampage  .   (no gloves)
Will     .....                  (no boots)
Stlth    ++........             (no amulet)
HPRegen  0.06/turn              (no ring)
MPRegen  0.12/turn              (no ring)

@: lethally poisoned (0 -> -9)
A: no striking features
a: no special abilities


You were on level 2 of the Dungeon.
You visited 1 branch of the dungeon, and saw 2 of its levels.

You collected 68 gold pieces.

Inventory:

Hand Weapons
 a - a +2 dagger (weapon)
Missiles
 c - 49 stones
 i - 52 arrows
Armour
 e - a +0 robe (worn)
Scrolls
 d - 2 scrolls of teleportation
 f - 2 scrolls of identify {unknown}
 g - a scroll of fear {unknown}
 h - 2 scrolls of enchant weapon {unknown}
Potions
 b - a potion of heal wounds
 j - a potion of berserk rage {unknown}


   Skills:
 - Level 1.2 Stealth
 + Level 4.0 Spellcasting
 + Level 2.3 Conjurations
 - Level 3.2 Transmutations
 + Level 1.8 Fire Magic
 - Level 2.1 Poison Magic
 - Level 1.1 Evocations


You had 9 spell levels left.
You knew the following spells:

 Your Spells              Type           Power        Failure   Level
a - Foxfire               Conj/Fire      44%          6%          1

Your spell library contained the following spells:

 Spells                   Type           Power        Failure   Level
 Dazzling Flash           Conj/Hex       16%          26%         3


Dungeon Overview and Level Annotations

Branches:
Dungeon (2/15)

Altars:
Dithmenos


Message History

You closely miss the adder.
The adder is almost dead.
You feel sick. The adder barely misses you.
You miss the adder.
The adder is almost dead.
The adder bites you. The adder barely misses you.
You hit the adder but do no damage.
The adder is almost dead.
You feel sick. The adder bites you.
* * * LOW HITPOINT WARNING * * *
You are more poisoned.
The adder poisons you!
You hit the adder.
The adder is almost dead.
* * * LOW HITPOINT WARNING * * *
You feel sick. The adder bites you.
* * * LOW HITPOINT WARNING * * *
* * * LOW HITPOINT WARNING * * *
You feel sick. The adder bites you.
You die...

#.# #.# #.# #.#
##########.†.
#.#
#.†.@S.......
#.#
#.#########.#
###.#########v#
..............#
.#.#.##########
..###.# .#.#.##
.##.># .###.#


You could see an adder.

Vanquished Creatures
  An adder (D:2)
  A worm (D:2)
  3 leopard geckos
  A giant cockroach (D:2)
  4 hobgoblins
  4 kobolds
  2 quokkas (D:2)
  A ball python (D:1)
  A bat (D:1)
  6 frilled lizards
  6 goblins
  4 rats
34 creatures vanquished.

Vanquished Creatures (others)
  169 foxfires
169 creatures vanquished.

Grand Total: 203 creatures vanquished

Notes
Turn   | Place    | Note
-------+----------+-------------------------------------------
     0 | D:1      | Descartes the Deep Elf Wanderer began the quest for the
                  | Orb.
     0 | D:1      | Descartes set off with the following items: a +2 dagger, a
                  | potion of heal wounds, a scroll of teleportation, a +0
                  | robe; and the following spell memorised: Foxfire; and the
                  | following spells available to memorise: Dazzling Flash
     0 | D:1      | Reached XP level 1. HP: 10/10 MP: 6/6
   433 | D:1      | Reached XP level 2. HP: 14/15 MP: 5/8
   620 | D:1      | Reached skill level 1 in Fire Magic
  1607 | D:2      | Found a shadowy altar of Dithmenos.
  2004 | D:2      | Reached XP level 3. HP: 12/19 MP: 0/10
  2532 | D:2      | Reached skill level 4 in Spellcasting
  2860 | D:2      | Slain by an adder

Illustrated notes

Levels and vault maps discovered:
D:1:      ncdulo_wetmaze, layout_basic
D:2:      layout_loops_ring, grunt_temple_overflow_gold_and_silver,
          grunt_dithmenos_smoke_and_mirrors

Skill      XL: |  1  2  3 |
---------------+----------+-----
Fire Magic     | 1 |  1.8
Conjurations   | 2 |  2.3
Spellcasting   | 4 |  4.0
Stealth        | |  1.2
Transmutations | |  3.2
Poison Magic   | |  2.1
Evocations     | |  1.1

Action                   || total
-------------------------++-------
Melee: Dagger            ||     9
 Cast: Foxfire           ||   148
Armor: Robe              ||     6
Dodge: Dodged            ||    18
